 Dungeon Sprint DCSS version 0.22-a0-322-g60b3cfd (webtiles) character file.

114 Arma the Fighter (level 4, -7/49 HPs)
             Began as a Minotaur Abyssal Knight on Apr 1, 2018.
             Was a Follower of Lugonu.
             Mangled by Sigmund
             ... wielding a +0 scythe of flaming
              (8 damage)
             ... in the Dungeon (Sprint I: "Red Sonja").
             The game lasted 00:01:24 (385 turns).

Arma the Fighter (Minotaur Abyssal Knight)           Turns: 385, Time: 00:01:25

Health: -7/49      AC:  3    Str: 17    XL:     4   Next: 67%
Magic:  5/5        EV: 12    Int:  9    God:    Lugonu [*.....]
Gold:   54         SH:  0    Dex: 10    Spells: 3/3 levels left

rFire    . . .     SeeInvis .   a - +1 mace
rCold    . . .     Gourm    .   (no shield)
rNeg     . . .     Faith    .   b - +0 leather armour
rPois    .         Spirit   .   (helmet restricted)
rElec    .         Reflect  .   (no cloak)
rCorr    .         Harm     .   (no gloves)
MR       .....     NoTele   +   (no boots)
Stlth    +.........             (no amulet)
HPRegen  0.16/turn              (no ring)
MPRegen  0.09/turn              (no ring)

@: no status effects
A: retaliatory headbutt, horns 2
a: Renounce Religion


You were in the Dungeon.
You worshipped Lugonu.
Lugonu was aware of your devotion.
You were not hungry.

You visited 1 branch You collected 54 gold pieces.

Inventory:

Hand Weapons
 a - a +1 mace (weapon)
Armour
 b - a +0 leather armour (worn)
Scrolls
 i - a scroll of blinking
Potions
 f - a potion of haste
 g - 2 potions of magic
 h - a potion of berserk rage
Comestibles
 c - a ration


   Skills:
 + Level 8.6 Fighting
 + Level 5.0 Maces & Flails
 + Level 4.5 Armour
 + Level 3.4 Dodging
 + Level 1.0 Unarmed Combat
 + Level 3.2 Invocations


You had 3 spell levels left.
You didn't know any spells.

Dungeon Overview and Level Annotations

Branches:
Dungeon (1/1)

Altars:

Annotations:
D Sigmund


Innate Abilities, Weirdness & Mutations

You reflexively headbutt those who attack you in melee.
You have a pair of horns on your head.


Message History

You open the door.
You hear some strange, mumbled words.
A puff of flame appears from out of thin air!
The puff of flame hits you!
Found 108 gold pieces.
Something hits you. Something burns you.
There is an open door here.
You see here 27 gold pieces.
You see here 27 gold pieces.
Something hits you. Something burns you.
* * * LOW HITPOINT WARNING * * *
You see here 27 gold pieces.
You see here 27 gold pieces.
Something hits you!
* * * LOW HITPOINT WARNING * * *
Something burns you.
* * * LOW HITPOINT WARNING * * *
You see here 27 gold pieces.
You hit something. Something hits you!
You die...

################
#<.#..').#..'@$#
#..)..#..'..#$$+
#..#####'#####+#
#..# #..# #..#
#### #..# #⌠⌠#
####


There were no monsters in sight!

Vanquished Creatures
  An ogre (D)
  Ijyb (D)
2 creatures vanquished.

Notes
Turn   | Place    | Note
-------+----------+-------------------------------------------
     0 | D        | Arma the Minotaur Abyssal Knight began the quest for the Orb.
     0 | D        | Reached XP level 1. HP: 19/19 MP: 1/1
     4 | D        | Noticed Ijyb
    85 | D        | Killed Ijyb
    85 | D        | Reached skill level 6 in Fighting
    85 | D        | Reached XP level 2. HP: 18/30 MP: 2/2
   201 | D        | Noticed an ogre
   209 | D        | Killed an ogre
   209 | D        | Reached ** piety under Lugonu
   209 | D        | Reached skill level 8 in Fighting
   209 | D        | Reached skill level 5 in Maces & Flails
   209 | D        | Reached skill level 1 in Unarmed Combat
   209 | D        | Reached XP level 3. HP: 20/41 MP: 2/4
   209 | D        | Reached XP level 4. HP: 24/49 MP: 2/5
   370 | D        | Noticed Sigmund
   384 | D        | HP: 2/49 [something (12)]
   385 | D        | Mangled by Sigmund

Vault maps used:
D:        dungeon_sprint_1

Skill      XL: |  1  2 |
---------------+-------+-----
Fighting       | 6 8 |  8.6
Maces & Flails | 3 5 |  5.0
Armour         | 3 4 |  4.5
Dodging        | 2 3 |  3.4
Invocations    | 2 3 |  3.2
Unarmed Combat | 1 |  1.0

Action                   |  1- 3 |  4- 6 || total
-------------------------+-------+-------++-------
Melee: Unarmed           |    64 |       ||    64
       Mace              |    12 |     2 ||    14
       Headbutt          |     2 |       ||     2
  Use: Potion            |     2 |       ||     2
Armor: Skin              |     3 |       ||     3
       Leather armour    |     1 |       ||     1
Dodge: Dodged            |    45 |     1 ||    46

Table legend:
 A = Spawn XP
 B = Non-spawn XP
 C = Spawn XP percentage of total XP
 D = Spawn monster count
 E = Non-spawn monster count
 F = Spawn count percentage of total count
 G = Total turns spent on level
                    A         B        C        D         E        F      G
               +---------+---------+-------+---------+---------+-------+---------
         Total |       0 |     164 |   0.0 |       0 |       2 |   0.0 |   385
               +---------+---------+-------+---------+---------+-------+---------
             D |       0 |     164 |   0.0 |       0 |       2 |   0.0 |   385
               +---------+---------+-------+---------+---------+-------+---------
